AoeStats
← OoginDoogin

Arabia

509524438Analyzed
1v1 RM · 6d ago on Sep 27, 2026· 33m 52s· 2 players
Game mode
Random Map
Map size
Tiny (2 player)
Population
200
Speed
Normal
Resources
Standard
Victory
Conquest
Starting age
Dark Age
Ending age
Imperial Age
RankedLock teamsTeams togetherTeam positionsShared explorationLock speedFull tech treeHidden civsTurbo modeCheats
Victory
Defeat
🇺🇸 Mongols · United States
919
+16
🇦🇹 Danes · Austria
913
-16
Xicht
10:52 Feudal Age
9:15 Loom
11:52 Man-at-Arms
14:16 Arson
19:28 Scale Mail Armor
25:40 Castle Age
30:00 Squires
31:54 Double-Bit Axe
OoginDoogin
7:06 Loom
10:04 Feudal Age
13:28 Bloodlines
22:47 Castle Age
23:14 Light Cavalry
26:05 Forging
26:01 Scale Barding Armor
26:41 Husbandry
33:30 Fletching
Connection lost

Rejoining the realm…

Still unreachable

The connection could not be restored.

Session expired

The server has moved on; the page needs a fresh start.